 Dungeon Crawl Stone Soup version 0.26-a0-651-gb41185065b (webtiles) character file.

Game seed: 10122184815824423431

825277 Irenicus the Petrodigitator (level 27, 0/234 HPs)
             Began as a Deep Dwarf Earth Elementalist on Oct 21, 2020.
             Was the Champion of Makhleb.
             Killed by the air
             ... invoked by a titan
              (34 damage)
             ... in Pandemonium.
             The game lasted 05:49:20 (23687 turns).

Irenicus the Petrodigitator (DDEE)                 Turns: 23687, Time: 05:49:21

Health: 0/234      AC: 21    Str: 18    XL:     27
Magic:  18/61 (43) EV: 20    Int: 27    God:    Makhleb [******]
Gold:   3587       SH: 33    Dex: 18    Spells: 9/59 levels left

rFire    + + .     SeeInvis +   C - staff of earth
rCold    + . .     Faith    .   B - +18 shield of the Gong {rElec rN+ MR+ EV-5}
rNeg     + + +     Spirit   .   r - +4 acid dragon scales
rPois    +         Reflect  .   D - +1 helmet "Wikep" {Str+4 Slay+3}
rElec    +         Harm     .   c - scarf {rC+ rF+}
rCorr    +         Rampage  .   q - +2 pair of gloves {Dex+3}
MR       +++++                  E - +2 pair of boots
Stlth    ++++++....             V - amulet "Mioly" {RegenMP rElec rC- rN+ Str+4}
HPRegen  0.00/turn              e - ring "Hosuw" {rF+ rN+ MP+9 Str-4 SInv}
MPRegen  0.62/turn              w - ring "Efelonov" {rPois rC+ rN+ MP+9}

@: frozen, flying, non-regenerating, very slow
A: damage resistance, heal wounds, rugged brown scales 1, thin skeletal
structure 1, blurry vision 1, deformed body, mutation resistance 2, negative
energy resistance 1, sense surroundings 3, screaming 2, subdued magic 2, no
regeneration
}: 10/15 runes: serpentine, barnacled, slimy, silver, golden, abyssal, demonic,
glowing, fiery, dark
a: Heal Wounds, Minor Destruction, Lesser Servant of Makhleb, Major Destruction,
Greater Servant of Makhleb, Renounce Religion


You were in Pandemonium.
You worshipped Makhleb.
Makhleb was exalted by your worship.
You visited 11 branches of the dungeon, and saw 53 of its levels.
You visited Pandemonium 1 time, and saw 11 of its levels.
You visited the Abyss 1 time.
You also visited: Bailey and Ice Cave.

You collected 5778 gold pieces.
You spent 2191 gold pieces at shops.

Inventory:

Missiles
 i - 178 stones (quivered)
Armour
 c - a scarf of resistance (worn)
   (You acquired it on level 4 of the Shoals)
 d - the +0 pair of gloves of Omission {rC++ rCorr Str-5 Dex-5}
   (You found it on level 3 of the Crypt)

   It affects your strength (-5).
   It affects your dexterity (-5).
   It greatly protects you from cold.
   It provides partial protection from all sources of acid and corrosion.
 q - a +2 pair of gloves of dexterity (worn)
   (You found it on level 5 of the Vaults)
 r - +4 acid dragon scales (worn)
   (You found it on level 2 of the Vaults)
 v - the +1 buckler of the Wasteland {rC+ rN+ MP+9 Int+3}
   (You found it on level 3 of the Elven Halls)

   It affects your intelligence (+3).
   It protects you from cold.
   It protects you from negative energy.
   It affects your magic capacity (+9).
 z - a +0 cloak of preservation
   (You found it in Pandemonium)
 B - the +18 shield of the Gong (worn) {rElec rN+ MR+ EV-5}
   (You found it on level 5 of the Vaults)

   It affects your evasion (-5).
   It insulates you from electricity.
   It protects you from negative energy.
   It affects your resistance to hostile enchantments.
 D - the +1 helmet "Wikep" (worn) {Str+4 Slay+3}
   (You bought it in a shop on level 2 of the Orcish Mines)

   It affects your strength (+4).
   It affects your accuracy and damage with ranged weapons and melee attacks
   (+3).
 E - a +2 pair of boots (worn)
   (You found it on level 6 of the Dungeon)
 X - the +27 Lear's hauberk
   (You found it on level 5 of the Vaults)
Magical Staves
 C - an uncursed staff of earth (weapon)
   (You found it on level 2 of the Elven Halls)
 K - an uncursed staff of death {rN+}
   (You found it on level 4 of the Shoals)
Jewellery
 a - the ring of Starshine {rF+ MR+ Str+3 Dex+4}
   (You found it on level 3 of the Tomb of the Ancients)

   [ring of protection from magic]

   It affects your strength (+3).
   It affects your dexterity (+4).
   It protects you from fire.
   It affects your resistance to hostile enchantments.
 e - the ring "Hosuw" (left hand) {rF+ rN+ MP+9 Str-4 SInv}
   (You took it off a skeletal warrior on level 3 of the Crypt)

   [ring of positive energy]

   It affects your strength (-4).
   It protects you from fire.
   It protects you from negative energy.
   It affects your magic capacity (+9).
   It lets you see invisible.
 g - the ring "Duirahoa" {rElec rF+}
   (You found it on level 5 of the Pits of Slime)

   [ring of protection from fire]

   It protects you from fire.
   It insulates you from electricity.
 o - the ring "Vajot Zaemn" {rElec Dex+6}
   (You found it in Pandemonium)

   [ring of dexterity]

   It affects your dexterity (+6).
   It insulates you from electricity.
 w - the ring "Efelonov" (right hand) {rPois rC+ rN+ MP+9}
   (You acquired it on level 1 of the Snake Pit)

   [ring of protection from cold]

   It protects you from cold.
   It protects you from poison.
   It protects you from negative energy.
   It affects your magic capacity (+9).
 x - the ring "Emmis" {rN+ Int+6 Dex+2}
   (You found it on level 3 of the Crypt)

   [ring of positive energy]

   It affects your intelligence (+6).
   It affects your dexterity (+2).
   It protects you from negative energy.
 y - the ring "Vost" {MP+9 Dex+3}
   (You found it in Pandemonium)

   [ring of magical power]

   It affects your dexterity (+3).
   It affects your magic capacity (+9).
 V - the amulet "Mioly" (around neck) {RegenMP rElec rC- rN+ Str+4}
   (You took it off a yaktaur on level 5 of the Vaults)

   [amulet of magic regeneration]

   It increases your magic regeneration.
   It affects your strength (+4).
   It makes you vulnerable to cold.
   It insulates you from electricity.
   It protects you from negative energy.
Wands
 F - a wand of iceblast (32)
   (You found it on level 3 of the Tomb of the Ancients)
 G - a wand of enslavement (4)
   (You found it on level 14 of the Dungeon)
 M - a wand of disintegration (6)
   (You found it in Pandemonium)
 S - a wand of acid (6)
   (You bought it in a shop on level 11 of the Dungeon)
 U - a wand of paralysis (12)
   (You found it on level 1 of the Snake Pit)
 W - a wand of digging (23)
   (You found it on level 4 of the Lair of Beasts)
Scrolls
 f - 2 scrolls of identify
 h - 2 scrolls of summoning
 l - 11 scrolls of teleportation
 m - 4 scrolls of remove curse
 I - 5 scrolls of blinking {!r}
 J - 9 scrolls of immolation {!r}
 L - a scroll of holy word {!r}
Potions
 j - 2 potions of might
 p - 3 potions of magic
 s - 5 potions of brilliance
 t - 5 potions of flight
 A - 4 potions of resistance
 H - 3 potions of haste
 O - 2 potions of ambrosia
 Q - a potion of invisibility
 R - 9 potions of curing
 T - 2 potions of mutation {!q}
Miscellaneous
 b - a condenser vane (1/2)
   (You bought it in a shop on level 2 of the Orcish Mines)
 k - a figurine of a ziggurat
 n - a tin of tremorstones (3/3)
   (You found it in an ice cave)
 N - a phial of floods
   (You found it on level 3 of the Elven Halls)
 P - a phantom mirror (inert)
   (You found it on level 5 of the Pits of Slime)
 Y - a lightning rod (4/4)
   (You found it on level 6 of the Lair of Beasts)
 Z - a box of beasts (1/3)
   (You found it on level 3 of the Elven Halls)


   Skills:
 - Level 10.1 Fighting
   Level 1.2 Short Blades
 - Level 14.2 Armour
 - Level 17.4 Dodging
 - Level 12.2 Stealth
 - Level 17.5 Shields
 + Level 16.6 Spellcasting
 - Level 20.0 Necromancy
 - Level 4.0 Translocations
 - Level 0.8 Transmutations
 O Level 27 Earth Magic
 O Level 27 Evocations


You had 9 spell levels left.
You knew the following spells:

 Your Spells              Type           Power        Failure   Level
a - Sandblast             Erth           ######       0%          1
b - Shatter               Erth           ########..   2%          9
c - Petrify               Tmut/Erth      #######.     1%          4
d - Borgnjor's Vile Clut  Necr/Erth      #######...   0%          5
e - Infestation           Necr           ######....   2%          8
f - Statue Form           Tmut/Erth      #######..    1%          6
g - Apportation           Tloc           ####..       1%          1
h - Dispel Undead         Necr           ######..     0%          4
r - Sublimation of Blood  Necr           ######....   0%          2
w - Passwall              Tmut/Erth      #######.     0%          2
x - Stone Arrow           Conj/Erth      ######       0%          3
z - Lee's Rapid Deconstr  Erth           ########..   0%          5

Your spell library contained the following spells:

 Spells                   Type           Power        Failure   Level
 Animate Skeleton         Necr           ######       0%          1
 Pain                     Necr           ####         0%          1
 Corpse Rot               Necr/Air       N/A          0%          2
 Vampiric Draining        Necr           ######....   0%          3
 Animate Dead             Necr           ######....   0%          4
 Agony                    Necr           ######..     0%          5
 Excruciating Wounds      Necr           ######....   0%          5
 Beastly Appendage        Tmut           ###...       1%          1
 Corona                   Hex            ##.....      1%          1
 Foxfire                  Conj/Fire      ##..         1%          1
 Freeze                   Ice            ##..         1%          1
 Magic Dart               Conj           ##..         1%          1
 Shock                    Conj/Air       ##..         1%          1
 Sting                    Tmut/Pois      ###.         1%          1
 Summon Small Mammal      Summ           ##..         1%          1
 Blink                    Tloc           N/A          1%          2
 Wereblood                Tmut           ###.....     1%          2
 Gell's Gravitas          Tloc           ####......   1%          3
 Lesser Beckoning         Tloc           ####......   1%          3
 Leda's Liquefaction      Hex/Erth       ######....   1%          4
 Bolt of Magma            Conj/Fire/Erth ######....   1%          5
 Death Channel            Necr           ######....   1%          6
 Iron Shot                Conj/Erth      ######....   1%          6
 Call Imp                 Summ           ##......     2%          2
 Ensorcelled Hibernation  Hex/Ice        ##....       2%          2
 Poisonous Vapours        Pois/Air       ##....       2%          2
 Searing Ray              Conj           ##....       2%          2
 Slow                     Hex            ##......     2%          2
 Swiftness                Air            ##......     2%          2
 Borgnjor's Revivificati  Necr           ######....   2%          8
 Ignite Poison            Fire/Tmut/Pois ##......     4%          3
 Spider Form              Tmut/Pois      ###.......   4%          3
 Simulacrum               Ice/Necr       #####.....   4%          6
 Call Canine Familiar     Summ           ##......     5%          3
 Confusing Touch          Hex            ##......     5%          3
 Conjure Flame            Conj/Fire      ##......     5%          3
 Dazzling Flash           Conj/Hex       ##....       5%          3
 Frozen Ramparts          Ice            ##....       5%          3
 Inner Flame              Hex/Fire       ##......     5%          3
 Mephitic Cloud           Conj/Pois/Air  ##......     5%          3
 Ozocubu's Armour         Ice            ##......     5%          3
 Static Discharge         Conj/Air       ##......     5%          3
 Summon Guardian Golem    Hex/Summ       ##......     5%          3
 Tukima's Dance           Hex            ##......     5%          3
 Iskenderun's Mystic Bla  Conj/Tloc      ###.....     8%          4
 Ice Form                 Ice/Tmut       ###.....     16%         4
 Airstrike                Air            ##........   19%         4
 Cause Fear               Hex            ##........   19%         4
 Fulminant Prism          Conj/Hex       ##........   19%         4
 Hailstorm                Conj/Ice       ##......     19%         4
 Olgreb's Toxic Radiance  Pois           ##......     19%         4
 Sticky Flame             Conj/Fire      ##......     19%         4
 Summon Ice Beast         Ice/Summ       ##......     19%         4
 Summon Lightning Spire   Summ/Air       ##......     19%         4
 Summon Forest            Summ/Tloc      ###.......   24%         5
 Haunt                    Necr/Summ      #####.....   28%         7
 Blade Hands              Tmut           ###.......   36%         5
 Alistair's Intoxication  Tmut/Pois      ###......    45%         5
 Irradiate                Conj/Tmut      ###.......   45%         5
 Yara's Violent Unravell  Hex/Tmut       ###.......   45%         5
 Lehudib's Crystal Spear  Conj/Erth      ######....   47%         8
 Fireball                 Conj/Fire      ##........   50%         5
 Lightning Bolt           Conj/Air       ##........   50%         5
 Metabolic Englaciation   Hex/Ice        ##........   50%         5
 Silence                  Hex/Air        ##........   50%         5
 Summon Demon             Summ           ##........   50%         5
 Summon Mana Viper        Hex/Summ       ##......     50%         5
 Death's Door             Necr           ######....   50%         9
 Necromutation            Tmut/Necr      #####.....   90%         8
 Hydra Form               Tmut           ###.......   93%         6
 Eringya's Noxious Bog    Tmut/Pois      ###.......   96%         6
 Conjure Ball Lightning   Conj/Air       ##........   98%         6
 Freezing Cloud           Conj/Ice/Air   ##........   98%         6
 Invisibility             Hex            ##......     98%         6
 Ozocubu's Refrigeration  Ice            ##........   98%         6
 Shadow Creatures         Summ           N/A          98%         6
 Dragon Form              Tmut           ###.......   100%        7
 Malign Gateway           Summ/Tloc      ###.......   100%        7
 Monstrous Menagerie      Summ           ##........   100%        7
 Spellforged Servitor     Conj/Summ      ##........   100%        7
 Summon Greater Demon     Summ           ##........   100%        7
 Summon Hydra             Summ           ##........   100%        7
 Chain Lightning          Conj/Air       ##........   100%        8
 Ignition                 Fire           ##........   100%        8
 Summon Horrible Things   Summ           ##........   100%        8
 Absolute Zero            Ice            ##........   100%        9
 Fire Storm               Conj/Fire      ##........   100%        9
 Tornado                  Air            ##........   100%        9


Dungeon Overview and Level Annotations

Branches:
Dungeon (15/15)            Temple (0/1) D:5            Lair (6/6) D:11
 Shoals (4/4) Lair:4        Snake (4/4) Lair:4        Slime (5/5) Lair:5
    Orc (2/2) D:12            Elf (3/3) Orc:2        Vaults (5/5) D:13
  Crypt (3/3) Vaults:3       Tomb (3/3) Crypt:3      Depths (3/5) D:15
 Bailey (visited)           IceCv (visited)

Altars:
Fedhas
Gozag
Hepliaklqana
Kikubaaqudgha
Makhleb
Trog
Xom
Yredelemnul
The Shining One
Beogh
Jiyva

Shops:
D:7 (   D:10 *   D:11 }   D:13 *   Orc:1 (   Orc:2 [=[}   Elf:1 [   Elf:2 *
Elf:3 (   Shoals:2 (:   Vaults:4 (

Portals:
Hell: Depths:2 Depths:3
Pandemonium: Depths:3

Annotations:
D:6 3 runed translucent doors, Domino's ghost, novice MiBe; EnegeticOcto's ghost, novice DDFi; emiel's ghost, amateur FoDe
D:8 2 transporters, Shadow153's ghost, novice DrEE
Shoals:2 Ilsuiw
Shoals:4 1 runed translucent door, p0werm0de's ghost, adept DDFi
Snake:1 exclusion: 3 oklob plants
Pan Lom Lobon


Innate Abilities, Weirdness & Mutations

You are resistant to damage.
You can heal yourself by infusing magical energy.
You resist negative energy. (rN+)
You passively map a large area around you.
You do not regenerate.
You are partially covered in rugged brown scales. (AC +1, +3% HP)
You have a somewhat thin skeletal structure. (Dex +2, Stealth)
Scrolls take you a little longer to read.
Armour fits poorly on your strangely shaped body.
You are somewhat resistant to both further mutation and mutation removal.
You sometimes yell uncontrollably at your foes.
Your spells are easier to cast, but less powerful.


Message History

Makhleb accepts your kill.
You feel better.
The blast of crystal shards hits Lom Lobon!!
Lom Lobon is moderately wounded.
A titan comes into view.
Lom Lobon blinks!
You regained 27 hp, and now have 47/234 hp.
You now have 15/52 mp.
Casting: Lee's Rapid Deconstruction (safe; 0% risk of failure)
Confirm with . or Enter, or press ? or * to list all spells.
Aiming: Borgnjor's Vile Clutch (safe; 0% risk of failure)
Press: ? - help, Shift-Dir - straight line, f - Lom Lobon
Aim: Lom Lobon (moderately wounded, surrounded by restless winds)
Okay, then.
You feel much better.
You regained 21 hp, and now have 68/234 hp.
You're wearing all the rings you can.
Remove which one? (? for menu, Esc to cancel) < or
e - the ring "Hosuw" {rF+ rN+ MP+9 Str-4 SInv} > or
g - the ring "Duirahoa" {rElec rF+} You remove the ring "Duirahoa" {rElec rF+}.
w - the ring "Efelonov" (right hand) {rPois rC+ rN+ MP+9}
Casting: Borgnjor's Vile Clutch (safe; 0% risk of failure)
Confirm with . or Enter, or press ? or * to list all spells.
Aiming: Borgnjor's Vile Clutch (safe; 0% risk of failure)
Press: ? - help, Shift-Dir - straight line, f - Lom Lobon
Aim: Lom Lobon (moderately wounded, surrounded by restless winds)
Okay, then.
You feel much better. Lom Lobon gestures at you.
Lom Lobon conjures a mighty blast of ice!
The great icy blast engulfs you!!! You partially resist.
* * * LOW HITPOINT WARNING * * *
You are encased in ice.
Your primal shocksting beast completely misses Lom Lobon.
Your primal shocksting beast stings Lom Lobon.
You take 34 damage, and have 34/234 hp.
Really read
I - 5 scrolls of blinking {!r}?
Really read with blurry vision while enemies are nearby?
You are engulfed in freezing vapours.
You resist.
Your primal stingshock beast hits Lom Lobon!!
Your primal stingshock beast stings Lom Lobon but does no damage.
Lom Lobon gestures.
You begin reading the scroll.
You continue reading the scroll.
You are engulfed in freezing vapours.
You resist.
The ball lightning explodes!
The blast of lightning engulfs the ball lightning.
The ball lightning completely resists.
The blast of lightning engulfs the ball lightning.
The ball lightning completely resists.
The blast of lightning engulfs Lom Lobon.
Lom Lobon completely resists.
The blast of lightning engulfs you. You resist.
The blast of lightning engulfs your primal shocksting beast.
Your primal shocksting beast completely resists.
The blast of lightning engulfs your primal stingshock beast.
Your primal stingshock beast resists.
The ball lightning explodes!
The blast of lightning engulfs Lom Lobon.
Lom Lobon completely resists.
The blast of lightning engulfs your primal shocksting beast.
Your primal shocksting beast resists.
The blast of lightning engulfs the ball lightning.
The ball lightning completely resists.
The blast of lightning engulfs your primal stingshock beast.
Your primal stingshock beast resists.
The blast of lightning engulfs the ball lightning.
The ball lightning completely resists.
The blast of lightning engulfs the ball lightning.
The ball lightning completely resists.
The ball lightning explodes!
The blast of lightning engulfs the ball lightning.
The ball lightning completely resists.
The blast of lightning engulfs your primal stingshock beast.
Your primal stingshock beast resists.
The blast of lightning engulfs Lom Lobon.
Lom Lobon completely resists.
The blast of lightning engulfs your primal shocksting beast.
Your primal shocksting beast resists.
The ball lightning explodes!
The blast of lightning engulfs you but does no damage.
You resist.
The blast of lightning engulfs Lom Lobon.
Lom Lobon completely resists.
The blast of lightning engulfs your primal shocksting beast.
Your primal shocksting beast resists.
The ball lightning explodes!
The blast of lightning engulfs your primal stingshock beast.
Your primal stingshock beast resists.
The blast of lightning engulfs Lom Lobon.
Lom Lobon completely resists.
The blast of lightning engulfs your primal shocksting beast.
Your primal shocksting beast resists.
Your primal shocksting beast hits Lom Lobon!!
Your primal shocksting beast stings Lom Lobon!
Your primal stingshock beast misses Lom Lobon.
Your primal stingshock beast stings Lom Lobon!!
The titan is engulfed in freezing vapours.
The titan waves its arms in wide circles.
The air twists around and violently strikes you in flight!!!
You die...

** ≈ , ,,, * * ≈≈ , ≈≈..
* * * ≈≈ * # , * ,, ##.##
.### ≈ * ###.°.##...# **
.##.§○§§○§○.. * ,
....§§§§☼§§#* ≈ *
#...C°§§§§§##
*....☼○§@§☼§.######≈.≈≈≈
....☼.§§§§§.##☼§#≈≈≈.≈≈#
....☼.§§§§☼...#§≈C≈≈.≈≈≈
*....☼.§§§§&H.3.§≈≈≈≈.≈≈≈
...........H..≈§≈≈≈≈.≈≈≈
...............§≈≈...≈≈≈
#...........##)§≈.....≈#
#...........##§§....3...
,,, §§* ##§.H......


You could see Lom Lobon (gusty), a titan, a smoke demon and 2 friendly mutant
beasts.

Vanquished Creatures
  the Royal Jelly (Slime:5)
  Dissolution (Slime:4)
  Khufu (Tomb:3)
  Mnoleg (Pan)
  2 pandemonium lords (Pan)
  3 ancient liches
  Mara (Depths:2)
  19 greater mummies
  Sojobo (Vaults:3)
  Boris (thrice) (Vaults:5 Crypt:3 Depths:2)
  Vashnia (Snake:2)
  A bone dragon (Abyss:5)
  3 Brimstone Fiends (Pan)
  6 liches
  3 Hell Sentinels (Pan)
  8 tentacled monstrosities
  3 deep elf blademasters (Elf:3)
  4 titans
  3 deep elf master archers (Elf:3)
  16 acid blobs
  2 tentacled starspawn
  An eldritch tentacle (Pan)
  6 sphinxes
  8 ancient champions
  Frances (Shoals:2)
  10 Executioners
  2 shadow dragons
  5 tengu reavers
  2 storm dragons
  3 revenants
  6 nagarajas (Snake:4)
  3 ghost moths (Pan)
  5 fire giants
  11 frost giants
  19 azure jellies
  An iron dragon (Vaults:5)
  10 vault wardens
  A draconian knight (Abyss:5)
  A frost giant (shapeshifter) (Vaults:5)
  Aizul (Lair:4)
  3 curse skulls
  2 draconian shifters (Abyss:5)
  15 balrugs (Pan)
  6 cacodemons (Pan)
  7 deep elf sorcerers
  5 deep elf elementalists
  2 ghouls (Crypt:2)
  4 ironheart preservers
  An angel (Abyss:5)
  3 draconian annihilators (Pan)
  2 war gargoyles (Vaults:5)
  2 blood saints (Pan)
  A caustic shrike skeleton (Depths:2)
  10 bennus
  4 reapers
  20 very ugly things
  12 stone giants
  3 corrupters (Pan)
  5 black suns (Pan)
  16 vampire knights
  5 deep elf demonologists
  7 lorocyprocas (Pan)
  6 deep elf annihilators
  A dire elephant (Lair:6)
  4 spark wasps (Depths:3)
  An eidolon (Crypt:1)
  4 merfolk javelineers
  3 blizzard demons (Pan)
  11 ettins
  21 mummy priests
  2 green deaths (Pan)
  9 deep elf death magi
  9 jiangshi (Crypt:3)
  7 death oozes (Slime:5)
  4 yaktaur captains
  5 merfolk impalers
  3 deep elf high priests (Elf:3)
  5 rakshasas
  4 ice dragons
  9 great orbs of eyes
  2 monstrous demonspawn (Pan)
  2 hell beasts (Pan)
  6 hydras
  28 vault guards
  2 catoblepae
  6 spriggan air magi (Depths:3)
  8 naga warriors
  5 centaur warriors
  9 anacondas
  6 merfolk aquamancers
  2 alligator snapping turtles
  16 dancing weapons
  A deep troll earth mage (Depths:1)
  6 merfolk avatars
  4 satyrs
  2 thrashing horrors (Abyss:4)
  8 ogre magi
  29 two-headed ogres
  5 orc high priests
  10 death yaks
  57 death scarabs
  5 vampire magi
  6 tengu warriors
  A spriggan berserker (Depths:3)
  2 hell knights (Depths:3)
  9 naga sharpshooters
  A storm dragon zombie (Crypt:3)
  19 sun demons (Pan)
  Urug (Lair:5)
  A titan zombie (Tomb:3)
  14 deep elf knights
  11 soul eaters
  5 shock serpents (Snake:4)
  3 salamander mystics (Snake:4)
  24 skeletal warriors
  8 sixfirhies (Pan)
  4 wretched stars
  4 wizards
  6 shadow wraiths
  2 anaconda zombies
  8 sea snakes
  11 unseen horrors
  2 gelid demonspawn (Pan)
  3 infernal demonspawn (Pan)
  A golden dragon zombie (Tomb:1)
  2 glowing orange brains
  2 quicksilver dragon simulacra
  4 flayed ghosts
  12 ironbrand convokers
  3 naga ritualists
  4 torturous demonspawn
  5 deep trolls
  3 lindwurms (Snake:4)
  3 shadow demons (Pan)
  11 deep elf archers
  13 mana vipers
  17 phantasmal warriors
  2 fire giant zombies
  13 harpies
  11 orc knights
  2 iron dragon zombies (Crypt:3)
  7 necromancers
  A shadow dragon zombie (Depths:2)
  A sphinx zombie (Vaults:5)
  7 salamanders
  A wolf spider zombie (D:14)
  5 orc sorcerers
  7 large abominations
  2 frost giant zombies
  65 deep elf magi
  4 wolf spiders
  13 shining eyes
  32 ugly things
  7 manticores
  7 cyclopes
  5 draconians (Abyss:5)
  12 merfolk sirens
  A shadow dragon skeleton (Crypt:3)
  9 elephants
  11 fauns
  5 guardian serpents
  Maurice (D:12)
  27 black mambas
  A rust devil (Pan)
  7 vault sentinels
  A centaur zombie (D:15)
  13 naga magi
  A molten gargoyle (Orc:2)
  5 eyes of devastation
  6 orange demons (Pan)
  5 smoke demons
  3 apocalypse crabs
  2 frost giant skeletons
  2 fire giant skeletons
  A gargoyle (D:15)
  7 water nymphs
  12 cane toads
  Maggie (D:7)
  A dire elephant skeleton (Pan)
  2 hellions (Pan)
  An efreet (Pan)
  An emperor scorpion zombie (Tomb:3)
  A shock serpent skeleton (Pan)
  2 freezing wraiths (Vaults:3)
  5 komodo dragons
  7 demonic crawlers (Pan)
  3 rime drakes
  21 yaktaurs
  A yellow draconian skeleton (Crypt:1)
  9 hellwings (Pan)
  A catoblepas skeleton (Pan)
  49 guardian mummies
  A harpy zombie (Crypt:3)
  An ancient zyme (Abyss:5)
  A black draconian skeleton (Crypt:3)
  A queen bee (shapeshifter) (Depths:1)
  16 polar bears (IceCv)
  A death drake zombie (Crypt:3)
  12 red devils (Pan)
  20 merfolk
  A meliai (shapeshifter) (D:14)
  2 wind drakes
  A hornet (shapeshifter) (Depths:2)
  7 trolls
  A hornet (D:10)
  A harpy skeleton (Pan)
  A hydra zombie (Tomb:1)
  A raiju (shapeshifter) (Vaults:4)
  A fire dragon zombie (Crypt:3)
  A snapping turtle (shapeshifter) (Vaults:5)
  An iron dragon simulacrum (Tomb:2)
  15 blink frogs
  A bog body (Crypt:2)
  96 slime creatures
  2 ettin zombies
  4 raiju (Abyss:5)
  An alligator zombie (Tomb:1)
  12 hippogriffs
  6 dream sheep
  A stone giant simulacrum (Vaults:5)
  An ice dragon zombie (Crypt:3)
  7 snapping turtles
  19 flying skulls
  3 ettin skeletons
  A fire dragon skeleton (Tomb:3)
  3 air elementals
  13 wraiths
  19 water elementals
  3 wyverns
  2 fire elementals
  3 ynoxinuls (Pan)
  20 ushabtiu
  14 neqoxecs (Pan)
  47 yaks
  Grum (D:9)
  A black mamba skeleton (Crypt:3)
  A human (shapeshifter) (Vaults:3)
  10 golden eyes
  2 basilisks
  A yaktaur simulacrum (Vaults:3)
  Menkaure (D:4)
  A harpy simulacrum (Crypt:3)
  17 nagas
  6 chaos spawn
  4 wargs
  A soldier ant (D:10)
  2 acid dragons
  10 water moccasins
  A floating eye (Pan)
  7 porcupines
  37 orc warriors
  12 ice beasts
  A sky beast (D:14)
  An elf simulacrum (Depths:3)
  An ettin simulacrum (Vaults:2)
  A black bear (shapeshifter) (Depths:3)
  7 eyes of draining
  A necrophage (D:14)
  11 boggarts
  5 phantoms
  23 ogres
  15 starcursed masses
  A swamp dragon skeleton (Crypt:3)
  26 wolves
  12 centaurs
  A torpor snail zombie (Crypt:1)
  15 crocodiles
  6 big kobolds
  A small abomination (Abyss:4)
  An earth elemental (Elf:3)
  2 wyvern zombies
  11 bullfrogs
  A wyvern skeleton (D:14)
  A cyclops skeleton (Crypt:1)
  3 scorpions
  17 killer bees
  8 wights
  A quasit (Abyss:4)
  5 crimson imps
  A bullfrog zombie (D:12)
  A human zombie (Crypt:1)
  18 orc priests
  4 hounds
  A bullfrog skeleton (D:11)
  A gnoll shaman (Orc:2)
  3 jellies
  4 centaur skeletons
  3 iguanas
  A basilisk skeleton (Crypt:3)
  11 worker ants
  2 human skeletons
  25 orc wizards
  A deep dwarf zombie (Crypt:3)
  A centaur simulacrum (Crypt:3)
  A tengu skeleton (Pan)
  A big kobold skeleton (Crypt:1)
  A hound skeleton (Crypt:1)
  41 mummies
  2 worker ant zombies
  A howler monkey zombie (Crypt:2)
  A howler monkey skeleton (Crypt:3)
  11 gnolls
  10 adders
  2 shadow imps (Depths:3)
  A white imp (Depths:2)
  3 ufetubi
  An ooze (D:4)
  2 adder skeletons (D:4)
  3 worms
  2 dart slugs (D:1)
  5 leopard geckos
  105 orcs
  A ball python (D:4)
  7 bats
  5 giant cockroaches
  10 goblins
  11 hobgoblins
  7 jackals
  2 quokkas
  7 frilled lizards
  A jackal zombie (D:5)
  30 kobolds
  A leopard gecko zombie (D:5)
  A quokka skeleton (D:4)
  6 rats
  16 bushes (D:15)
  2 crawling corpses (Elf:1)
  A fire vortex (Pan)
  A lurking horror (Abyss:5)
  2 starspawn tentacles (Abyss:4)
2333 creatures vanquished.

Vanquished Creatures (collateral kills)
  Gloorx Vloq (Pan)
  2 greater mummies
  A golden dragon (Vaults:5)
  A Hell Sentinel (Pan)
  A tentacled monstrosity (Pan)
  An Ice Fiend (Pan)
  A lich (Vaults:5)
  4 acid blobs
  An eldritch tentacle (Pan)
  2 Executioners (Pan)
  2 azure jellies
  A tengu reaver (Vaults:5)
  A nagaraja (Snake:4)
  5 cacodemons (Pan)
  A vault warden (Vaults:5)
  2 very ugly things (Pan)
  An ironheart preserver (Vaults:3)
  A juggernaut skeleton (Crypt:3)
  A vampire knight (Crypt:3)
  A stone giant (Vaults:5)
  A deep elf death mage (Crypt:2)
  An eidolon (Crypt:3)
  A merfolk impaler (Shoals:4)
  A great orb of eyes (Pan)
  A mummy priest (Tomb:1)
  An ice dragon (Vaults:3)
  3 merfolk aquamancers
  3 anacondas (Snake:4)
  2 death knights
  3 vampire magi (Crypt:3)
  3 dancing weapons (Elf:2)
  3 naga sharpshooters (Snake:4)
  A death scarab (Tomb:1)
  3 sun demons (Pan)
  A soul eater (Crypt:3)
  2 sixfirhies (Pan)
  A deep troll (Vaults:3)
  2 sea snakes
  2 skeletal warriors (Crypt:3)
  A storm dragon skeleton (Crypt:2)
  2 salamander mystics (Snake:4)
  A shadow demon (Pan)
  A flayed ghost (Crypt:3)
  A deep elf archer (Elf:3)
  A golden dragon zombie (Crypt:3)
  An infernal demonspawn (Pan)
  8 phantasmal warriors
  4 large abominations (Pan)
  4 naga ritualists
  A lindwurm (Snake:4)
  2 ugly things (Pan)
  A shining eye (Slime:2)
  4 deep elf magi
  An orc sorcerer (Orc:2)
  4 manticores
  A mana viper (Snake:4)
  A black mamba (Snake:1)
  2 guardian serpents (Snake:4)
  5 naga magi
  A cane toad (Lair:6)
  A smoke demon (Pan)
  2 orange demons (Pan)
  An eye of devastation (Slime:5)
  An emperor scorpion zombie (Crypt:3)
  A hellwing (Pan)
  A komodo dragon (Lair:6)
  3 yaktaurs (Vaults:3)
  A tormentor (Pan)
  An efreet (Pan)
  5 guardian mummies
  A red devil (Pan)
  A harpy zombie (Crypt:3)
  A wind drake (Shoals:2)
  A merfolk (Shoals:3)
  8 slime creatures
  3 dream sheep
  2 snapping turtles
  An ushabti (Tomb:1)
  4 wraiths (Crypt:3)
  A golden eye (Slime:1)
  4 neqoxecs (Pan)
  9 nagas
  An orc warrior (Orc:1)
  A manticore zombie (Crypt:2)
  2 eyes of draining
  2 mummies (Tomb:1)
  2 orcs (Orc:1)
  3 fire vortices (Pan)
177 creatures vanquished.

Vanquished Creatures (others)
  Cerebov (Pan)
  A greater mummy (Tomb:3)
  A balrug (Pan)
  2 naga warriors (Snake:4)
  A salamander mystic (Snake:1)
  A sun demon (Pan)
  2 orc knights (Orc:2)
  A deep elf mage (Elf:1)
  A black mamba (Snake:4)
  A guardian serpent (Snake:4)
  An efreet (Pan)
  A slime creature (Slime:3)
  A polar bear (IceCv)
  A snapping turtle (Shoals:4)
  2 orc warriors
  2 crimson imps (Pan)
  An orc wizard (Orc:2)
  8 ball lightnings (Pan)
  4 fire vortices (Pan)
  37 fungi
  115 plants
  2 starspawn tentacles (Abyss:5)
  3 withered plants (D:6)
190 creatures vanquished.

Grand Total: 2700 creatures vanquished

Notes
Turn   | Place    | Note
-------+----------+-------------------------------------------
     0 | D:1      | Irenicus the Deep Dwarf Earth Elementalist began the quest
                  | for the Orb.
     0 | D:1      | Reached XP level 1. HP: 15/15 MP: 3/3
   147 | D:1      | Reached XP level 2. HP: 17/22 MP: 1/4
   180 | D:1      | Reached skill level 5 in Earth Magic
   409 | D:1      | Reached XP level 3. HP: 13/28 MP: 1/5
  1049 | D:2      | Learned a level 2 spell: Passwall
  1103 | D:2      | Reached skill level 6 in Earth Magic
  1137 | D:2      | Found a faded altar of an unknown god.
  1168 | D:2      | Found a burning altar of Makhleb.
  1170 | D:2      | Reached XP level 4. HP: 10/36 MP: 1/6
  1171 | D:2      | Became a worshipper of Makhleb the Destroyer
  1420 | D:2      | Reached skill level 7 in Earth Magic
  1800 | D:3      | Reached * piety under Makhleb
  1803 | D:3      | Reached XP level 5. HP: 12/42 MP: 0/7
  2013 | D:3      | Reached skill level 8 in Earth Magic
  2037 | D:3      | HP: 10/42 [big kobold/+2 dagger of draining (3)]
  2038 | D:3      | Reached skill level 9 in Earth Magic
  2038 | D:3      | Reached XP level 6. HP: 21/49 MP: 0/8
  2146 | D:4      | Got a transparent short sword
  2147 | D:4      | Identified the +9 short sword of Dissent {vorpal, rPois
                  | Str+2} (You found it on level 4 of the Dungeon)
  2169 | D:4      | Reached skill level 10 in Earth Magic
  2184 | D:4      | Reached ** piety under Makhleb
  2226 | D:4      | Reached skill level 1 in Short Blades
  2272 | D:4      | HP: 9/49 [orc/+2 whip of electrocution (18)]
  2364 | D:4      | Noticed Menkaure
  2368 | D:4      | Reached skill level 2 in Spellcasting
  2368 | D:4      | Reached XP level 7. HP: 18/55 MP: 6/10
  2368 | D:4      | HP: 7/55 [Menkaure/nerve-wracking pain (11)]
  2370 | D:4      | Killed Menkaure
  2581 | D:4      | Found a bloodstained altar of Trog.
  2651 | D:5      | Entered Level 5 of the Dungeon
  2682 | D:5      | Found a staircase to the Ecumenical Temple.
  2714 | D:5      | Found a hazy altar of Hepliaklqana.
  2741 | D:5      | Got an ominously black robe
  2742 | D:5      | Identified the +1 robe of Wisdom {-Cast Int+7} (You found
                  | it on level 5 of the Dungeon)
  2786 | D:5      | Reached skill level 3 in Spellcasting
  3136 | D:6      | Reached skill level 11 in Earth Magic
  3190 | D:6      | Reached XP level 8. HP: 44/62 MP: 10/13
  3292 | D:6      | Reached skill level 4 in Spellcasting
  3474 | D:6      | Found a runed translucent gate.
  3474 | D:6      | Found a runed translucent gate.
  3476 | D:6      | Noticed emiel's ghost (amateur FoDe)
  3477 | D:6      | Found a runed translucent gate.
  3477 | D:6      | Noticed EnegeticOcto's ghost (novice DDFi)
  3478 | D:6      | Noticed Domino's ghost (novice MiBe)
  3629 | D:7      | Reached skill level 12 in Earth Magic
  3706 | D:7      | Reached *** piety under Makhleb
  3709 | D:7      | Noticed Maggie
  3728 | D:7      | Killed Maggie
  3728 | D:7      | Reached skill level 5 in Spellcasting
  3770 | D:7      | Found a glowing golden altar of the Shining One.
  3770 | D:7      | Found an opulent altar of Gozag.
  3812 | D:7      | Learned a level 3 spell: Stone Arrow
  3851 | D:7      | Gained mutation: You passively map the area around you.
                  | [Deep Dwarf growth]
  3851 | D:7      | Reached XP level 9. HP: 68/68 MP: 10/17
  3920 | D:7      | Found Wuclori's Weapon Emporium.
  4031 | D:8      | Reached skill level 6 in Spellcasting
  4031 | D:8      | Reached skill level 13 in Earth Magic
  4037 | D:8      | Noticed a cyclops
  4038 | D:8      | Noticed a moth of wrath
  4039 | D:8      | Noticed Shadow153's ghost (novice DrEE)
  4061 | D:8      | Found a bloodstained altar of Trog.
  4068 | D:8      | Found a transporter.
  4074 | D:8      | Found a transporter.
  4414 | D:9      | Reached skill level 7 in Spellcasting
  4427 | D:9      | Reached **** piety under Makhleb
  4435 | D:9      | Learned a level 5 spell: Lee's Rapid Deconstruction
  4443 | D:9      | Reached skill level 14 in Earth Magic
  4642 | D:9      | Reached skill level 1 in Armour
  4679 | D:10     | Entered Level 10 of the Dungeon
  4683 | D:10     | Got a fine dagger
  4694 | D:10     | Reached skill level 2 in Armour
  4696 | D:10     | Killed an unseen horror
  4696 | D:10     | Reached XP level 10. HP: 29/75 MP: 9/21
  4698 | D:10     | Identified the +4 dagger "Xufidau" {drain, +Blink Str+3
                  | Int+3} (You found it on level 10 of the Dungeon)
  4731 | D:10     | Reached skill level 3 in Armour
  4816 | D:10     | Found Ceqac's General Store.
  4819 | D:10     | Bought a potion of brilliance for 64 gold pieces
  4901 | D:10     | Noticed a two-headed ogre
  4916 | D:10     | Killed a two-headed ogre
  4916 | D:10     | Reached skill level 4 in Armour
  4916 | D:10     | Reached skill level 8 in Spellcasting
  4983 | D:9      | Noticed Grum
  4986 | D:9      | Killed Grum
  4986 | D:9      | Reached skill level 15 in Earth Magic
  5045 | D:9      | Learned a level 1 spell: Apportation
  5376 | D:10     | Reached skill level 9 in Spellcasting
  5408 | D:10     | Reached XP level 11. HP: 81/81 MP: 7/24
  5463 | D:10     | Reached skill level 16 in Earth Magic
  5468 | D:10     | Reached skill level 1 in Evocations
  5494 | D:10     | Reached ***** piety under Makhleb
  5494 | D:10     | Reached skill level 2 in Evocations
  5548 | D:11     | Noticed a two-headed ogre
  5560 | D:11     | Reached skill level 3 in Evocations
  5561 | D:11     | Killed a two-headed ogre
  5561 | D:11     | Reached skill level 5 in Evocations
  5751 | D:11     | Reached skill level 6 in Evocations
  5849 | D:11     | Found a staircase to the Lair.
  5857 | D:11     | Reached skill level 7 in Evocations
  5942 | D:11     | Found Zuujohu's Gadget Boutique.
  5955 | D:11     | Bought a wand of acid (8) for 312 gold pieces
  5955 | D:11     | Bought a wand of disintegration (12) for 208 gold pieces
  6046 | D:11     | Reached skill level 8 in Evocations
  6084 | D:12     | Found a frozen archway.
  6105 | D:12     | Noticed a two-headed ogre
  6113 | D:12     | Killed a two-headed ogre
  6161 | D:12     | Reached skill level 10 in Spellcasting
  6170 | IceCv    | Entered an ice cave
  6202 | IceCv    | Reached skill level 9 in Evocations
  6312 | IceCv    | Reached skill level 10 in Evocations
  6415 | IceCv    | Reached XP level 12. HP: 88/88 MP: 3/26
  6429 | IceCv    | Reached skill level 11 in Evocations
  6520 | IceCv    | Reached skill level 12 in Evocations
  6609 | IceCv    | Noticed a frost giant
  6614 | IceCv    | Reached ****** piety under Makhleb
  6619 | IceCv    | Reached skill level 5 in Armour
  6619 | IceCv    | Reached skill level 3 in Dodging
  6621 | IceCv    | Killed a frost giant
  6621 | IceCv    | Reached skill level 4 in Dodging
  6624 | IceCv    | Reached skill level 6 in Armour
  6695 | D:12     | Reached skill level 5 in Dodging
  6777 | D:12     | Found a staircase to the Orcish Mines.
  6779 | D:12     | HP: 21/88 [troll (6)]
  6784 | D:12     | HP: 19/88 [troll (2)]
  6804 | D:12     | Noticed a two-headed ogre
  6809 | D:12     | Killed a two-headed ogre
  6857 | D:12     | Noticed an eight-headed hydra
  6863 | D:12     | Killed an eight-headed hydra
  6863 | D:12     | Reached skill level 7 in Armour
  6863 | D:12     | Reached skill level 6 in Dodging
  6946 | D:12     | Noticed Maurice
  6952 | D:12     | Killed Maurice
  6973 | D:12     | Reached skill level 3 in Stealth
  7013 | Orc:1    | Entered Level 1 of the Orcish Mines
  7016 | Orc:1    | Noticed an orc high priest
  7029 | Orc:1    | Killed an orc high priest
  7029 | Orc:1    | Reached skill level 5 in Stealth
  7106 | Orc:1    | Found a roughly hewn altar of Beogh.
  7198 | Orc:1    | Reached skill level 6 in Stealth
  7217 | Orc:1    | Found Athram's Antique Weapon Shoppe.
  7252 | Orc:2    | Entered Level 2 of the Orcish Mines
  7294 | Orc:2    | Learned a level 4 spell: Petrify
  7299 | Orc:2    | Found Neucekh's Armour Boutique.
  7302 | Orc:2    | Bought the +1 helmet "Wikep" {Str+4 Slay+3} for 487 gold
                  | pieces
  7430 | Orc:2    | Reached skill level 7 in Stealth
  7486 | Orc:2    | Found a staircase to the Elven Halls.
  7536 | Orc:2    | Reached XP level 13. HP: 92/94 MP: 24/27
  7644 | Orc:2    | Found Vesocluo's Gadget Shoppe.
  7658 | Orc:2    | Reached skill level 8 in Stealth
  7677 | Orc:2    | Reached skill level 9 in Stealth
  7714 | Orc:2    | Reached skill level 10 in Stealth
  7776 | Orc:2    | Found Ziteun's Assorted Antiques.
  7787 | Orc:2    | Found Juontueb's Jewellery Boutique.
  7791 | Orc:2    | Found Peosyev's Antique Armour Shoppe.
  7838 | Orc:2    | Bought a condenser vane (2/2) for 280 gold pieces
  7965 | Lair:1   | Entered Level 1 of the Lair of Beasts
  8062 | Lair:1   | Reached skill level 11 in Stealth
  8387 | Lair:2   | Reached skill level 1 in Translocations
  8424 | Lair:2   | You fall into a shaft and drop 1 floor!
  8470 | Lair:3   | Reached skill level 2 in Translocations
  8479 | Lair:3   | Reached skill level 3 in Translocations
  8480 | Lair:3   | Reached skill level 12 in Stealth
  8495 | Lair:3   | Reached skill level 4 in Translocations
  8613 | Lair:3   | Reached skill level 13 in Evocations
  8850 | Lair:2   | Reached skill level 14 in Evocations
  9139 | Lair:3   | Gained mutation: You resist negative energy. (rN+) [Deep
                  | Dwarf growth]
  9139 | Lair:3   | Reached XP level 14. HP: 102/102 MP: 28/28
  9424 | Lair:4   | Found a staircase to the Snake Pit.
  9482 | Lair:4   | Reached skill level 15 in Evocations
  9530 | Lair:4   | Found a staircase to the Shoals.
  9609 | Lair:5   | Found a runed translucent door.
  9610 | Lair:5   | Found a viscous altar of Jiyva.
  9610 | Lair:5   | Noticed an azure jelly
  9753 | Lair:5   | Noticed Urug
  9764 | Lair:5   | Killed Urug
  9790 | Lair:5   | Identified 2 scrolls of acquirement
  9792 | Lair:5   | Acquired 1137 gold pieces
  9943 | Lair:5   | Reached skill level 16 in Evocations
 10012 | Lair:5   | Noticed an azure jelly
 10028 | Lair:6   | Entered Level 6 of the Lair of Beasts
 10121 | Lair:6   | Reached skill level 17 in Earth Magic
 10247 | Lair:6   | Reached skill level 1 in Fighting
 10251 | Lair:6   | Reached skill level 8 in Armour
 10253 | Lair:6   | Reached skill level 7 in Dodging
 10270 | Lair:6   | Reached skill level 2 in Fighting
 10725 | Lair:6   | HP: 25/109 [dire elephant (27)]
 10951 | Snake:1  | Entered Level 1 of the Snake Pit
 10975 | Snake:1  | Noticed Aizul
 10984 | Snake:1  | HP: 18/109 [Aizul/poison arrow (22)]
 10992 | Lair:4   | HP: 21/109 [Aizul/poison arrow (13)]
 11001 | Lair:4   | HP: 26/109 [Aizul (15)]
 11002 | Lair:4   | Killed Aizul
 11002 | Lair:4   | Reached skill level 8 in Dodging
 11028 | Snake:1  | Acquired 833 gold pieces
 11042 | Snake:1  | Reached skill level 9 in Armour
 11127 | Snake:2  | Reached XP level 15. HP: 115/115 MP: 23/29
 11132 | Snake:2  | Noticed Vashnia
 11140 | Snake:2  | HP: 26/115 [Vashnia/arrow (29)]
 11143 | Snake:2  | Reached skill level 9 in Dodging
 11146 | Snake:2  | Reached skill level 10 in Armour
 11146 | Snake:2  | Noticed a nagaraja
 11149 | Snake:2  | HP: 17/115 [Vashnia/arrow (19)]
 11150 | Snake:2  | Killed Vashnia
 11171 | Snake:1  | HP: 24/115 [naga/+0 short sword (1)]
 11203 | Snake:1  | Gained mutation: Your spells are a little easier to cast,
                  | but a little less powerful. [mutagenic glow]
 11205 | Snake:1  | Reached skill level 10 in Dodging
 11488 | Elf:1    | Entered Level 1 of the Elven Halls
 11503 | Elf:1    | Reached skill level 11 in Armour
 11597 | Elf:1    | Noticed a deep elf sorcerer
 11612 | Elf:1    | Killed a deep elf sorcerer
 11724 | Elf:1    | Reached skill level 11 in Dodging
 11823 | Elf:1    | Reached skill level 12 in Armour
 11983 | Elf:1    | Found Kokhacko's Antique Armour Shop.
 12182 | Elf:2    | Found Effemead's Assorted Antiques.
 12214 | Elf:2    | Bought a papyrus book for 630 gold pieces
 12214 | Elf:2    | Bought a potion of heal wounds for 210 gold pieces
 12217 | Elf:2    | Learned a level 2 spell: Sublimation of Blood
 12274 | Elf:2    | Reached skill level 1 in Necromancy
 12376 | Elf:2    | Reached skill level 12 in Dodging
 12377 | Elf:2    | Reached skill level 2 in Necromancy
 12383 | Elf:2    | Reached skill level 3 in Necromancy
 12383 | Elf:2    | Reached XP level 16. HP: 122/122 MP: 1/30
 12577 | Elf:2    | Found a huge runed translucent gate.
 12577 | Elf:2    | Found a huge runed translucent gate.
 12577 | Elf:2    | Found a huge runed translucent gate.
 12577 | Elf:2    | Found a huge runed translucent gate.
 12577 | Elf:2    | Found a huge runed translucent gate.
 12629 | Elf:3    | Entered Level 3 of the Elven Halls
 12650 | Elf:3    | Reached skill level 4 in Necromancy
 12871 | Elf:3    | Reached skill level 5 in Necromancy
 12896 | Elf:3    | Found Cuomol's Weapon Boutique.
 12970 | Elf:3    | Identified the +11 falchion of Conservatism {venom, rF+++
                  | rC+ Str-5 Int+3}
 12973 | Elf:3    | Reached skill level 13 in Dodging
 12974 | Elf:3    | Noticed a deep elf blademaster
 12974 | Elf:3    | HP: 29/122 [deep elf annihilator/crystal spear (51)]
 12975 | Elf:3    | Reached skill level 6 in Necromancy
 12981 | Elf:3    | Noticed a deep elf master archer
 12982 | Elf:3    | Killed a deep elf blademaster
 12982 | Elf:3    | Reached skill level 7 in Necromancy
 12986 | Elf:3    | Killed a deep elf master archer
 12987 | Elf:3    | Identified the ring of Kagafoit {rElec rN+}
 12993 | Elf:3    | Noticed a deep elf blademaster
 12999 | Elf:3    | Reached skill level 8 in Necromancy
 12999 | Elf:3    | Killed a deep elf blademaster
 12999 | Elf:3    | Reached skill level 14 in Dodging
 13009 | Elf:3    | Noticed a deep elf master archer
 13011 | Elf:3    | Killed a deep elf master archer
 13045 | Elf:3    | Noticed a deep elf master archer
 13045 | Elf:3    | Noticed a deep elf blademaster
 13053 | Elf:3    | Reached skill level 9 in Necromancy
 13053 | Elf:3    | Killed a deep elf master archer
 13053 | Elf:3    | Killed a deep elf blademaster
 13090 | Elf:3    | Identified the cursed +2 flail "Xepaf" {speed, rF+ MR+}
 13095 | Elf:3    | Reached XP level 17. HP: 129/129 MP: 5/31
 13123 | Elf:3    | Identified the Grimoire of the Volcanoes and Curses
 13132 | Elf:3    | Got a masterwork buckler
 13138 | Elf:3    | Identified the +1 buckler of the Wasteland {rC+ rN+ MP+9
                  | Int+3} (You found it on level 3 of the Elven Halls)
 13142 | Elf:3    | Identified Margh's Almanac of Power
 13147 | Elf:3    | Identified the cursed +1 robe of the Villain {rPois rN++}
                  | (You found it on level 3 of the Elven Halls)
 13157 | Elf:3    | Identified the ring of Idih {Fire rPois}
 13164 | Elf:3    | Reached skill level 10 in Necromancy
 13165 | Elf:3    | Reached skill level 1 in Shields
 13194 | Elf:3    | Identified the +4 gold dragon scales "Anogotie" {+Blink
                  | rPois rF+ rC+ rCorr Str+2 Dex+4} (You found it on level 3
                  | of the Elven Halls)
 13291 | Elf:3    | Reached skill level 2 in Shields
 13364 | Elf:3    | Reached skill level 3 in Shields
 13611 | Elf:2    | Reached skill level 4 in Shields
 13643 | Elf:2    | Reached skill level 11 in Necromancy
 13683 | Elf:2    | Reached skill level 5 in Shields
 14354 | Snake:1  | Learned a level 5 spell: Borgnjor's Vile Clutch
 14378 | Snake:1  | Acquired the ring "Efelonov" {rPois rC+ rN+ MP+9}
 14419 | Snake:1  | Identified the cursed +1 dagger "Widowermaker" {vamp, +Fly
                  | rC- rN+ Str+2} (You found it on level 1 of the Snake Pit)
 14607 | Snake:3  | Reached skill level 18 in Earth Magic
 14634 | Snake:4  | Entered Level 4 of the Snake Pit
 14886 | Snake:4  | Reached skill level 19 in Earth Magic
 15050 | Snake:4  | Reached skill level 20 in Earth Magic
 15058 | Snake:4  | HP: 29/129 [guardian serpent (16)]
 15059 | Snake:4  | Gained mutation: You passively map a large area around you.
                  | [Deep Dwarf growth]
 15059 | Snake:4  | Reached XP level 18. HP: 31/136 MP: 11/32
 15061 | Snake:4  | HP: 12/136 [stone wall collision (10)]
 15075 | Snake:4  | HP: 34/136 [naga sharpshooter/bolt (4)]
 15100 | Snake:4  | HP: 29/136 [naga mage/lance of force (5)]
 15144 | Snake:4  | Reached skill level 21 in Earth Magic
 15186 | Snake:4  | Got a serpentine rune of Zot
 15407 | Shoals:1 | Entered Level 1 of the Shoals
 15446 | Shoals:2 | Found Tueci's Book Emporium.
 15465 | Shoals:2 | Noticed Frances
 15475 | Shoals:2 | Killed Frances
 15645 | Shoals:3 | Found a transporter.
 15738 | Shoals:3 | Found a transporter.
 15762 | Shoals:3 | Reached skill level 22 in Earth Magic
 15783 | Shoals:3 | Learned a level 9 spell: Shatter
 15834 | Shoals:3 | Paralysed by a Zot trap for 5 turns
 15843 | Shoals:3 | Gained mutation: You are weak. (Str -2) [mutagenic glow]
 15867 | Shoals:3 | Gained mutation: You tend to lose your temper in combat.
                  | [mutagenic glow]
 15870 | Shoals:3 | Identified the Incunabulum of Transmigration
 15880 | Shoals:3 | Identified the amulet "Doentaynk" {Inacc rPois} (You found
                  | it on level 3 of the Shoals)
 15881 | Shoals:3 | Identified the amulet of Woad {Faith rElec rPois Int+6
                  | Dex-5} (You found it on level 3 of the Shoals)
 15901 | Shoals:4 | Entered Level 4 of the Shoals
 15911 | Shoals:4 | Found a runed translucent door.
 15912 | Shoals:4 | Noticed p0werm0de's ghost (adept DDFi)
 16059 | Shoals:4 | Acquired a scarf of resistance
 16188 | Shoals:4 | Reached skill level 23 in Earth Magic
 16375 | Shoals:4 | HP: 29/136 [alligator snapping turtle (27)]
 16415 | Shoals:4 | Got a barnacled rune of Zot
 16500 | Shoals:2 | Found Aneikew's Weapon Shop.
 16542 | Shoals:2 | Reached XP level 19. HP: 106/142 MP: 4/33
 16560 | Shoals:2 | Noticed Ilsuiw
 16592 | Shoals:1 | Reached skill level 24 in Earth Magic
 16629 | Shoals:1 | Identified the +3 falchion of Circular Logic {elec, MR++
                  | Int+2 Dex+3 SInv} (You found it on level 1 of the Shoals)
 16730 | Lair:5   | Found a staircase to the Slime Pits.
 16751 | Slime:1  | Entered Level 1 of the Pits of Slime
 16760 | Slime:1  | Gained mutation: You occasionally shout uncontrollably at
                  | your foes. [a shining eye]
 16763 | Slime:1  | Gained mutation: You are occasionally teleported next to
                  | monsters. [a shining eye]
 16836 | Slime:2  | Gained mutation: Armour fits poorly on your strangely
                  | shaped body. [a shining eye]
 16866 | Slime:2  | Found a shimmering altar of Xom.
 16868 | Slime:2  | Gained mutation: You sometimes yell uncontrollably at your
                  | foes. [a shining eye]
 16869 | Slime:2  | Gained mutation: Your spells are easier to cast, but less
                  | powerful. [a shining eye]
 16949 | Slime:3  | Reached skill level 25 in Earth Magic
 17065 | Slime:3  | Gained mutation: Scrolls take you a little longer to read.
                  | [a shining eye]
 17070 | Slime:3  | Gained mutation: Your body sometimes deteriorates upon
                  | taking damage. [a shining eye]
 17074 | Slime:3  | Gained mutation: Your body often deteriorates upon taking
                  | damage. [a shining eye]
 17123 | Slime:4  | Noticed Dissolution
 17128 | Slime:4  | Gained mutation: You frequently scream uncontrollably at
                  | your foes. [a shining eye]
 17133 | Slime:4  | Reached skill level 26 in Earth Magic
 17136 | Slime:4  | Killed Dissolution
 17179 | Slime:4  | Gained mutation: Your spells are much easier to cast, but
                  | much less powerful. [a shining eye]
 17180 | Slime:4  | Gained mutation: You often lose your temper in combat. [a
                  | shining eye]
 17230 | Slime:5  | Entered Level 5 of the Pits of Slime
 17253 | Slime:5  | Found a viscous altar of Jiyva.
 17253 | Slime:5  | Noticed the Royal Jelly
 17258 | Slime:5  | HP: 14/142 [acid blob (26)]
 17263 | Slime:5  | HP: 27/142 [acid (9)]
 17267 | Slime:5  | Killed the Royal Jelly
 17267 | Slime:5  | Reached skill level 27 in Earth Magic
 17267 | Slime:5  | Reached skill level 15 in Dodging
 17267 | Slime:5  | Reached XP level 20. HP: 94/150 MP: 8/34
 17306 | Slime:5  | Found the +6 shillelagh "Devastator" {shatter}
 17319 | Slime:5  | Identified the amulet of Luka {rC+ Regen+} (You found it on
                  | level 5 of the Pits of Slime)
 17323 | Slime:5  | Identified the +3 ring mail "Qovef" {Dex+3} (You found it
                  | on level 5 of the Pits of Slime)
 17327 | Slime:5  | Irenicus: ?? devastator
 17327 | Slime:5  | beem: devastator[1/5]: (maces & flails; +3 acc / 8 dam /
                  | 1.3 base delay / 0.6 min delay). The shillelagh
                  | "Devastator". It's a +6 shillelagh that casts radius 1
                  | shatter when you hit something with it, centered on the
                  | thing you hit. Won't hit you or break walls. Spellpower
                  | scales with melee damage dealt. Not as noisy as the actual
                  | shatter spell (15, same as fireball, instead of 30).
 17334 | Slime:5  | Got a slimy rune of Zot
 17348 | Slime:5  | Identified the ring "Duirahoa" {rElec rF+} (You found it on
                  | level 5 of the Pits of Slime)
 17365 | Slime:5  | Identified the +1 ring mail "Unlawen" {rC+++} (You found it
                  | on level 5 of the Pits of Slime)
 17367 | Slime:5  | Identified the +4 chain mail of Esasun {Str+5 Int+4} (You
                  | found it on level 5 of the Pits of Slime)
 17369 | Slime:5  | Acquired a book of the Earth
 17424 | Slime:3  | HP: 34/150 [azure jelly (5)]
 17432 | Slime:3  | Gained mutation: Scrolls take you longer to read. [a
                  | shining eye]
 17433 | Slime:3  | Reached skill level 16 in Dodging
 17745 | D:13     | Found Lyutafear's Elemental Accessories.
 17820 | D:13     | Found a flagged portal.
 17835 | Bailey   | Entered a bailey
 17879 | Bailey   | Reached skill level 17 in Dodging
 17935 | D:13     | Found a gate to the Vaults.
 17938 | Vaults:1 | Entered Level 1 of the Vaults
 18029 | Vaults:2 | Reached skill level 12 in Necromancy
 18032 | Vaults:2 | Lost mutation: You are weak. (Str -2) [potion of mutation]
 18032 | Vaults:2 | Lost mutation: Your body often deteriorates upon taking
                  | damage. [potion of mutation]
 18032 | Vaults:2 | Lost mutation: Armour fits poorly on your strangely shaped
                  | body. [potion of mutation]
 18032 | Vaults:2 | Lost mutation: You often lose your temper in combat.
                  | [potion of mutation]
 18032 | Vaults:2 | Gained mutation: You are somewhat resistant to further
                  | mutation. [potion of mutation]
 18035 | Vaults:2 | Lost mutation: You frequently scream uncontrollably at your
                  | foes. [potion of mutation]
 18035 | Vaults:2 | Lost mutation: You sometimes yell uncontrollably at your
                  | foes. [potion of mutation]
 18093 | Vaults:2 | Reached skill level 13 in Necromancy
 18243 | Vaults:4 | Found Wipn's Weapon Emporium.
 18243 | Vaults:4 | Reached XP level 21. HP: 156/156 MP: 20/35
 18301 | Vaults:5 | Entered Level 5 of the Vaults
 18301 | Vaults:5 | Noticed a golden dragon
 18304 | Vaults:5 | Reached skill level 14 in Necromancy
 18306 | Vaults:5 | Noticed Boris
 18308 | Vaults:5 | Reached skill level 15 in Necromancy
 18311 | Vaults:5 | Cast into level 2 of the Abyss (ironheart preserver)
 18336 | Abyss:3  | Found a corrupted altar of Lugonu.
 18426 | Abyss:4  | Paralysed by accursed screaming for 1 turns
 18447 | Abyss:5  | Entered Level 5 of the Abyss
 18454 | Abyss:5  | Found a corrupted altar of Lugonu.
 18457 | Abyss:5  | Noticed an ancient lich
 18467 | Abyss:5  | Reached skill level 16 in Necromancy
 18467 | Abyss:5  | Killed an ancient lich
 18500 | Abyss:5  | Found a transporter.
 18509 | Abyss:5  | Got an abyssal rune of Zot
 18541 | Abyss:5  | Found a shimmering altar of Xom.
 18541 | Abyss:5  | Found a shimmering altar of Xom.
 18544 | Vaults:5 | Escaped the Abyss
 18544 | Vaults:5 | Identified the ring "Utotzeaj" {rF+ Str+4 Int+2}
 18546 | Vaults:5 | Reached skill level 17 in Necromancy
 18569 | Vaults:5 | Killed a golden dragon
 18570 | Vaults:5 | Reached skill level 18 in Necromancy
 18573 | Vaults:5 | Killed Boris
 18578 | Vaults:5 | Reached XP level 22. HP: 150/164 MP: 20/36
 18582 | Vaults:5 | Reached skill level 19 in Necromancy
 18649 | Vaults:5 | Reached skill level 20 in Necromancy
 18691 | Vaults:5 | Identified Ifatab's Volume of Dislocated Transmutation (You
                  | found it on level 5 of the Vaults)
 18716 | Vaults:5 | Got a silver rune of Zot
 18722 | Vaults:5 | Found the +18 shield of the Gong {rElec rN+ MR+ EV-5}
 18866 | Vaults:5 | Lost mutation: You tend to lose your temper in combat.
                  | [potion of mutation]
 18866 | Vaults:5 | Lost mutation: Scrolls take you longer to read. [potion of
                  | mutation]
 18866 | Vaults:5 | Lost mutation: Your body sometimes deteriorates upon taking
                  | damage. [potion of mutation]
 18866 | Vaults:5 | Lost mutation: Scrolls take you a little longer to read.
                  | [potion of mutation]
 18866 | Vaults:5 | Gained mutation: You are partially covered in rugged brown
                  | scales. (AC +1, +3% HP) [potion of mutation]
 19010 | Vaults:5 | Identified the +6 demon whip of Quantum Leap {drain, rN+
                  | Str+2}
 19010 | Vaults:5 | Identified the amulet "Mioly" {RegenMP rElec rC- rN+ Str+4}
 19028 | Vaults:5 | Found the +27 Lear's hauberk
 19041 | Vaults:5 | Irenicus: ?? Lear's hauberk
 19041 | Vaults:5 | beem: lear's hauberk[1/1]: +27 chain mail that prevents you
                  | from wearing any other armour except cloaks and shields.
                  | Slots it takes are considered covered for the purposes of
                  | Ashenzari.
 19065 | Vaults:5 | HP: 25/168 [stone giant/large rock (24)]
 19084 | Vaults:5 | Identified Sif Muna's Grimoire of the Entourage
 19108 | Vaults:5 | HP: 33/168 [stone giant/large rock (8)]
 19237 | Vaults:5 | Lost mutation: Your spells are much easier to cast, but
                  | much less powerful. [potion of mutation]
 19237 | Vaults:5 | Lost mutation: You are occasionally teleported next to
                  | monsters. [potion of mutation]
 19237 | Vaults:5 | Gained mutation: You are somewhat resistant to both further
                  | mutation and mutation removal. [potion of mutation]
 19433 | Vaults:3 | Reached skill level 13 in Armour
 19444 | Vaults:3 | Noticed Sojobo
 19454 | Vaults:3 | Killed Sojobo
 19472 | Vaults:3 | Found a staircase to the Crypt.
 19472 | Vaults:3 | Found a basalt altar of Yredelemnul.
 19473 | Vaults:3 | Found an ancient bone altar of Kikubaaqudgha.
 19479 | Crypt:1  | Entered Level 1 of the Crypt
 19519 | Crypt:1  | Learned a level 8 spell: Infestation
 19578 | Crypt:2  | Reached skill level 14 in Armour
 19581 | Crypt:2  | Gained mutation: Scrolls take you a little longer to read.
                  | [mutagenic glow]
 19594 | Crypt:3  | Entered Level 3 of the Crypt
 19630 | Crypt:3  | HP: 31/168 [flayed ghost/flay_damage (13)]
 19631 | Crypt:3  | Reached skill level 11 in Spellcasting
 19685 | Crypt:3  | Found a staircase to the Tomb.
 19728 | Crypt:3  | Noticed Boris
 19740 | Crypt:3  | Killed Boris
 19740 | Crypt:3  | Reached XP level 23. HP: 74/175 MP: 32/38
 19743 | Crypt:3  | Reached skill level 12 in Spellcasting
 19773 | Crypt:3  | HP: 27/175 [phantasmal warrior (19)]
 19780 | Crypt:3  | HP: 39/175 [something (7)]
 19798 | Crypt:3  | Identified the +1 trident of the Dancing Salmon {vorpal,
                  | rElec Str+3}
 19798 | Crypt:3  | Identified the ring "Hosuw" {rF+ rN+ MP+9 Str-4 SInv}
 19807 | Crypt:3  | HP: 27/175 [phantasmal warrior (23)]
 19816 | Crypt:3  | HP: 32/175 [ancient champion/+2 great mace (13)]
 20070 | Crypt:3  | Found an ancient bone altar of Kikubaaqudgha.
 20075 | Crypt:3  | Paralysed by a vampire knight for 2 turns
 20077 | Crypt:3  | Reached skill level 13 in Spellcasting
 20097 | Crypt:3  | Got a pair of scorched gloves
 20102 | Crypt:3  | Identified the +0 pair of gloves of Omission {rC++ rCorr
                  | Str-5 Dex-5} (You found it on level 3 of the Crypt)
 20104 | Crypt:3  | Identified the ring "Emmis" {rN+ Int+6 Dex+2} (You found it
                  | on level 3 of the Crypt)
 20211 | Tomb:1   | Entered Level 1 of the Tomb of the Ancients
 20232 | Tomb:1   | Learned a level 6 spell: Statue Form
 20240 | Tomb:1   | Noticed a greater mummy
 20243 | Tomb:1   | Noticed a greater mummy
 20245 | Tomb:1   | Noticed a greater mummy
 20247 | Tomb:1   | Noticed a greater mummy
 20248 | Tomb:1   | Noticed a greater mummy
 20250 | Tomb:1   | Noticed a greater mummy
 20251 | Tomb:1   | Killed a greater mummy
 20252 | Tomb:1   | Killed a greater mummy
 20252 | Tomb:1   | HP: 55/227 [greater mummy/divine providence (11)]
 20255 | Tomb:1   | Killed a greater mummy
 20256 | Tomb:1   | Killed a greater mummy
 20256 | Tomb:1   | Reached skill level 14 in Spellcasting
 20256 | Tomb:1   | Killed a greater mummy
 20264 | Tomb:1   | Noticed a greater mummy
 20267 | Tomb:1   | HP: 56/227 [??? (8)]
 20270 | Tomb:1   | Killed a greater mummy
 20297 | Tomb:1   | Noticed an ancient lich
 20301 | Tomb:1   | Learned a level 4 spell: Dispel Undead
 20305 | Tomb:1   | Killed an ancient lich
 20306 | Tomb:1   | Noticed a greater mummy
 20320 | Tomb:1   | Killed a greater mummy
 20344 | Tomb:1   | Noticed a greater mummy
 20350 | Tomb:1   | Noticed a greater mummy
 20354 | Tomb:1   | Killed a greater mummy
 20354 | Tomb:1   | Reached skill level 15 in Spellcasting
 20366 | Tomb:1   | HP: 36/175 [greater mummy (16)]
 20367 | Tomb:1   | HP: 15/175 [death scarab/exploding inner flame[the player
                  | character] (7)]
 20367 | Tomb:1   | Killed a greater mummy
 20369 | Tomb:1   | Killed a greater mummy
 20373 | Tomb:1   | HP: 49/227 [mummy priest/divine providence (15)]
 20375 | Tomb:1   | HP: 23/227 [frost giant skeleton[a mummy priest] (4)]
 20376 | Tomb:1   | HP: 10/227 [mummy priest/divine providence (12)]
 20383 | Tomb:1   | Noticed a greater mummy
 20385 | Tomb:1   | HP: 49/227 [??? (5)]
 20390 | Tomb:1   | HP: 44/227 [??? (4)]
 20390 | Tomb:1   | HP: 9/227 [phantasmal warrior[a greater mummy] (21)]
 20394 | Tomb:1   | Killed a greater mummy
 20446 | Tomb:1   | Reached XP level 24. HP: 142/182 MP: 32/42
 20446 | Tomb:1   | Reached skill level 17 in Evocations
 20530 | Tomb:2   | Noticed a greater mummy
 20532 | Tomb:2   | Noticed a greater mummy
 20533 | Tomb:2   | Noticed a greater mummy
 20533 | Tomb:2   | Noticed a greater mummy
 20538 | Tomb:2   | Killed a greater mummy
 20539 | Tomb:2   | Killed a greater mummy
 20539 | Tomb:2   | Killed a greater mummy
 20540 | Tomb:2   | Killed a greater mummy
 20550 | Tomb:2   | Reached skill level 18 in Evocations
 20553 | Tomb:2   | Reached skill level 16 in Spellcasting
 20568 | Tomb:2   | Identified Wuenoe's Handbook of Transformation and Curses
                  | (You found it on level 2 of the Tomb of the Ancients)
 20666 | Tomb:2   | Identified the cursed +1 mace "Mobreiso" {drain, rPois rF+
                  | Dex-2}
 20669 | Tomb:2   | Reached skill level 19 in Evocations
 20721 | Tomb:3   | Entered Level 3 of the Tomb of the Ancients
 20727 | Tomb:3   | Noticed a greater mummy
 20727 | Tomb:3   | Noticed a greater mummy
 20727 | Tomb:3   | Noticed a greater mummy
 20728 | Tomb:3   | Reached skill level 20 in Evocations
 20730 | Tomb:3   | Noticed a greater mummy
 20732 | Tomb:3   | Killed a greater mummy
 20732 | Tomb:3   | Reached skill level 21 in Evocations
 20735 | Tomb:3   | Noticed a greater mummy
 20735 | Tomb:3   | Killed a greater mummy
 20735 | Tomb:3   | Killed a greater mummy
 20736 | Tomb:3   | Noticed a greater mummy
 20738 | Tomb:3   | Killed a greater mummy
 20738 | Tomb:3   | Reached XP level 25. HP: 159/187 MP: 37/43
 20739 | Tomb:3   | Reached skill level 22 in Evocations
 20740 | Tomb:3   | Killed a greater mummy
 20740 | Tomb:3   | Noticed a greater mummy
 20742 | Tomb:3   | Noticed an ancient lich
 20744 | Tomb:3   | Killed a greater mummy
 20747 | Tomb:3   | Killed an ancient lich
 20748 | Tomb:3   | Killed a greater mummy
 20748 | Tomb:3   | Reached skill level 23 in Evocations
 20748 | Tomb:3   | Noticed Khufu
 20757 | Tomb:3   | Killed Khufu
 20783 | Tomb:3   | Identified the Grimoire of the Freezing Escort
 20788 | Tomb:3   | Identified the ring of Starshine {rF+ MR+ Str+3 Dex+4} (You
                  | found it on level 3 of the Tomb of the Ancients)
 20829 | Tomb:3   | Identified the +1 flail of War {vorpal, MR+} (You found it
                  | on level 3 of the Tomb of the Ancients)
 20868 | Tomb:3   | Got a golden rune of Zot
 21257 | D:14     | Reached skill level 24 in Evocations
 21350 | D:15     | Entered Level 15 of the Dungeon
 21353 | D:15     | Found a blossoming altar of Fedhas.
 21479 | D:15     | Found a staircase to the Depths.
 21495 | Depths:1 | Entered Level 1 of the Depths
 21527 | Depths:1 | Reached skill level 25 in Evocations
 21610 | Depths:2 | Noticed Boris
 21616 | Depths:2 | Killed Boris
 21627 | Depths:2 | Noticed Mara
 21640 | Depths:2 | Killed Mara
 21655 | Depths:2 | Found a gateway to Hell.
 21711 | Depths:2 | Reached skill level 26 in Evocations
 21800 | Depths:3 | Reached XP level 26. HP: 191/194 MP: 13/43
 21817 | Depths:3 | Reached skill level 27 in Evocations
 21818 | Depths:3 | Reached skill level 3 in Fighting
 21818 | Depths:3 | Reached skill level 6 in Shields
 21832 | Depths:3 | Reached skill level 4 in Fighting
 21839 | Depths:3 | Reached skill level 7 in Shields
 21979 | Depths:3 | Found a one-way gate leading to the halls of Pandemonium.
 21990 | Depths:3 | Reached skill level 5 in Fighting
 22010 | Pan      | Entered Pandemonium
 22036 | Pan      | Reached skill level 8 in Shields
 22046 | Pan      | Reached skill level 6 in Fighting
 22086 | Pan      | Got a demonic rune of Zot
 22090 | Pan      | Reached skill level 9 in Shields
 22149 | Pan      | Reached skill level 7 in Fighting
 22149 | Pan      | Noticed Foc Kela the pandemonium lord
 22157 | Pan      | Killed Foc Kela the pandemonium lord
 22157 | Pan      | Reached skill level 10 in Shields
 22179 | Pan      | HP: 53/217 [Hell Sentinel (11)]
 22235 | Pan      | Reached skill level 8 in Fighting
 22239 | Pan      | HP: 26/218 [infernal corrupter/+0 demon trident of venom
                  | (3)]
 22258 | Pan      | HP: 48/218 [ynoxinul/iron shot (18)]
 22265 | Pan      | HP: 46/283 [Brimstone Fiend/damnation (26)]
 22267 | Pan      | HP: 20/283 [Brimstone Fiend/damnation (26)]
 22346 | Pan      | Entered the realm of Mnoleg.
 22390 | Pan      | Got a flickering brass ring
 22391 | Pan      | Reached skill level 11 in Shields
 22398 | Pan      | Gained mutation: Armour fits poorly on your strangely
                  | shaped body. [a cacodemon]
 22401 | Pan      | Noticed Mnoleg
 22402 | Pan      | Reached skill level 9 in Fighting
 22403 | Pan      | Gained mutation: You sometimes yell uncontrollably at your
                  | foes. [a cacodemon]
 22421 | Pan      | Reached skill level 12 in Shields
 22425 | Pan      | Paralysed by a floating eye for 2 turns
 22427 | Pan      | Killed Mnoleg
 22429 | Pan      | Gained mutation: You have a somewhat thin skeletal
                  | structure. (Dex +2, Stealth) [a neqoxec]
 22454 | Pan      | Got a glowing rune of Zot
 22484 | Pan      | Entered the realm of Gloorx Vloq.
 22531 | Pan      | Reached XP level 27. HP: 224/232 MP: 36/43
 22554 | Pan      | Identified the ring "Vost" {MP+9 Dex+3} (You found it in
                  | Pandemonium)
 22571 | Pan      | Identified the +7 dagger "Diphaoti" {vorpal, +Inv} (You
                  | found it in Pandemonium)
 22582 | Pan      | Reached skill level 10 in Fighting
 22859 | Pan      | Reached skill level 13 in Shields
 22895 | Pan      | Noticed Gloorx Vloq
 22902 | Pan      | Killed Gloorx Vloq
 22902 | Pan      | Reached skill level 14 in Shields
 22919 | Pan      | Got a dark rune of Zot
 22975 | Pan      | Found an exit through the horrors of the Abyss.
 23088 | Pan      | Reached skill level 15 in Shields
 23097 | Pan      | Noticed Efegintumo the pandemonium lord
 23112 | Pan      | Killed Efegintumo the pandemonium lord
 23146 | Pan      | Entered the realm of Cerebov.
 23151 | Pan      | Identified the +3 leather armour of the Nexus {rElec rC++}
                  | (You found it in Pandemonium)
 23197 | Pan      | HP: 54/234 [balrug/fireball (9)]
 23200 | Pan      | Identified the +6 sword of Cerebov {flame}
 23200 | Pan      | Noticed Cerebov
 23204 | Pan      | Reached skill level 16 in Shields
 23269 | Pan      | Found an exit through the horrors of the Abyss.
 23379 | Pan      | Got a steaming lead ring
 23384 | Pan      | Identified the ring "Vajot Zaemn" {rElec Dex+6} (You found
                  | it in Pandemonium)
 23451 | Pan      | Killed Cerebov
 23451 | Pan      | Reached skill level 17 in Shields
 23485 | Pan      | Got a fiery rune of Zot
 23539 | Pan      | Entered the realm of Lom Lobon.
 23670 | Pan      | Noticed Lom Lobon
 23679 | Pan      | HP: 20/234 [Lom Lobon/great icy blast (90)]
 23685 | Pan      | HP: 34/234 [Lom Lobon/great icy blast (48)]
 23687 | Pan      | Killed from afar by a titan

Illustrated notes

Levels and vault maps discovered:
D:1:      heliophobic_arrival_henge, layout_loops_corners
D:2:      layout_basic, chequers_ecumenical_altar_simple_redux,
          makhleb_blood_cavern_becter
D:3:      cheibrodos_thug_alley, layout_loops_ring
D:4:      minmay_octagon_keep, layout_basic, lemuel_round_altar,
          serial_park_tiny_1, uniq_menkaure
D:5:      layout_rooms, overflow_temple_1_default, minmay_temple_entry_trees
D:6:      layout_layer_cave, gammafunk_ghost_cemetery
D:7:      layout_basic, gammafunk_temple_overflow_elements, serial_shops, shop,
          grunt_decor_fettered, uniq_maggie
D:8:      layout_loops_ring, gammafunk_ghost_wrathful_warriors, minmay_holes
D:9:      layout_basic, kb_lookout_dungeons_type, uniq_grum
D:10:     layout_small_grid, serial_shops, kennysheep_mini_moat,
          hangedman_pestilent_swarm, nicolae_twisting_strands
D:11:     layout_long_grid, erik_lair_orcish_takeover, serial_shops,
          nicolae_shop_waterfront
D:12:     layout_rooms, portal_ice_cave_entry_ice_beasts, uniq_maurice
D:13:     layout_basic, david_vaults_5, enter_bailey_2, nicolae_elemental_shop,
          hangedman_decor_points
D:14:     layout_long_grid, hangedman_abyss_or_decor_clamps,
          kennysheep_generic_room_7
D:15:     hangedman_depths_entry_civil_slaughter, layout_irregular_city,
          minmay_misc_feat_iff, hangedman_decor_diamond_cutter,
          fedhas_bush_and_centaur_altar
Lair:1:   layout_loops_ring, serial_bayou_pond_e, columned_hall_lemuel,
          serial_bayou_shore_b, lemuel_fruit_tree, lemuel_fruit_fields
Lair:2:   layout_regular_city, serial_bayou_shore_b
Lair:3:   layout_long_grid, kennysheep_catoblepas_arena, grunt_megastairs_3
Lair:4:   layout_small_grid, minmay_shoals_entry_lonely_mermaid,
          dummy_snake_entry, grunt_megastairs_5
Lair:5:   layout_cave_pods, slime_altar_2, grunt_megastairs_2,
          lemuel_fruit_fields, serial_bayou_shore_b, uniq_urug
Lair:6:   due_jungle_book, layout_regular_city
Shoals:1: layout_shoals, st_sunken_huts
Shoals:2: layout_shoals, serial_shops, shop, shop, shop,
          nicolae_shop_waterfront, uniq_ilsuiw, uniq_frances
Shoals:3: gammafunk_its_a_trap, layout_shoals, uniq_bai_suzhen
Shoals:4: shoals_end_simple, layout_shoals, ebering_ghost_inner_flame,
          nicolae_shoals_water_shrine
Snake:1:  dpeg_oklob_gauntlet, layout_grid_shapes, uniq_aizul
Snake:2:  layout_gridlike, nicolae_large_snake_swirl, serial_bayou_shore_a,
          uniq_vashnia
Snake:3:  kennysheep_six_static_rooms, layout_misc_corridors, uniq_nikola
Snake:4:  snake_pit_salamanders_mu, layout_cave_town, nicolae_snake_single_loop,
          st_stairs_10
Slime:1:  layout_caves
Slime:2:  layout_caves, basic_altar
Slime:3:  layout_caves
Slime:4:  layout_caves, uniq_dissolution
Slime:5
Orc:1:    layout_caves, serial_shops,
          nicolae_shop_temple_entry_statues_fountains, basic_altar
Orc:2:    st_orc_elflike, layout_caves, serial_shops, nicolae_shop_behind_doors,
          nicolae_orc_lava_tube
Elf:1:    elf_arrival_002, layout_geoelf_grid, serial_shops, shop_statue,
          minmay_elf_crystal_heptagon
Elf:2:    layout_loops_corners, serial_shops, nicolae_shop_statue_plus,
          serial_glass, glass_columns_c, glass_columns_c, item_on_display_a,
          item_on_display_a, due_unseen_surprise, item_on_display_b,
          serial_sigils_hangedman_scratch
Elf:3:    minmay_elf_hall_furrowed, layout_gridlike, serial_shops, shop_statue,
          nicolae_elf_w_pinch
Vaults:1: vaults_dpeg_encased_lava, vaults_room_fancy_cross, vaults_room_pools,
          dpeg_vaults_monster_box, v_pattern_5, nicolae_vaults_little_squares_2,
          nicolae_vaults_gold_heap, layout_vaults_omnigrid
Vaults:2: nicolae_vaults_network_square, st_octagons_2,
          ontoclasm_vaults_misaligned, v_misc_25,
          hangedman_vaults_stretched_pinwheel, v_misc_25, vaults_room_boxed,
          vaults_mumra_hex, hangedman_vaults_slice, hangedman_vaults_cutoff,
          layout_vaults_omnibox, serial_shops, nicolae_shop_statue_plus
Vaults:3: grunt_vaults_swirl, vaults_dpeg_diagonal,
          nicolae_vaults_little_squares_1, minmay_crypt_entry_necro_gods,
          v_alt_pattern_5, nicolae_vaults_ninety_degrees, hangedman_vaults_maws,
          layout_vaults_chaotic_city, uniq_sojobo, uniq_mennas
Vaults:4: hangedman_vaults_snaps, v_misc_16, nicolae_vaults_circle_grid_b,
          nicolae_vaults_windows_and_doors_thing, nicolae_vaults_circle_grid_b,
          nicolae_vaults_little_squares_3, v_misc_19, vaults_dpeg_doors,
          ontoclasm_vaults_loading_screen, st_quartered_hall,
          hangedman_vaults_restitches, hangedman_vaults_maws,
          nicolae_vaults_mini_display_case, ontoclasm_vaults_fault,
          nicolae_vaults_yaktaur_gun_rack, v_misc_19, layout_vaults_ring,
          serial_shops, shop_coins, basic_altar
Vaults:5: uniq_boris
Crypt:1:  layout_chaotic_city, grunt_crypt_arrival_guarded_gate
Crypt:2:  layout_rooms, st_stairs_13, minivault_5, moated_statue,
          grunt_ministairs_13, nrook_guardian_serpent_ordinary
Crypt:3:  church_of_pain_bobbens, layout_chaotic_city
Tomb:1
Tomb:2
Tomb:3
Depths:1: layout_roguey, grunt_hell_horde, kennysheep_boxes
Depths:2: nicolae_whirlpool, layout_gridville, serial_sigils_hangedman_etch,
          hangedman_coc_ice_floe, minmay_misc_feat_hallway,
          infiniplex_staircase_pool_2, uniq_mara
Depths:3: minmay_the_grid_octo_2x2 [minmay_the_grid_octo_chip,
          minmay_the_grid_octo_empty, minmay_the_grid_octo_concentric,
          minmay_the_grid_octo_prize_star], layout_cave_pools, hell_entry,
          grunt_pan_entry_zigzag, dk_noncrumbling_3,
          infiniplex_staircase_zigzag_1
Pan:      rand_demon_8, layout_onion_city, regret_index_pan_draining_boxed,
          layout_small_grid, nicolae_pan_mnolegish_2, nicolae_pan_sigil_nadil,
          grunt_pan_frozen_over, layout_pan_divisions_a
          [pan_division_quadrant_a2, pan_division_quadrant_a6,
          pan_division_quadrant_a1, pan_division_quadrant_a6,
          pan_division_octagon_halves], nicolae_pan_gloorx_vloqian_4,
          rand_demon_6, layout_cellular_growth, pan_blood_fountain_2,
          reaverb_pan_squares, mnoleg_grunt_wretched_star, layout_onion_city,
          pan_blood_fountain_small, rand_demon_3, layout_small_grid,
          pan_blood_fountain_small, nicolae_pan_lom_lobonic_2, gloorx_vloq,
          layout_gridlike, evilmike_mini_pan_V, layout_basic,
          evilmike_mini_pan_T, layout_long_grid, cerebov_grunt,
          layout_gridville, lom_lobon_spiral_st, layout_pan_divisions_a
          [pan_division_quadrant_a3, pan_division_quadrant_a1,
          pan_division_quadrant_a5, pan_division_quadrant_a3,
          pan_division_octagon_rings], nicolae_pan_lom_lobonic_3

Skill      XL: |  1  2  3  4  5  6  7  8  9 10 11 12 13 14 15 16 17 18 19 20 21 22 23 24 25 26 27 |
---------------+----------------------------------------------------------------------------------+-----
Earth Magic    | 5 6 7 9 10 11 12 14 15 16 17 20 23 27 | 27.0
Short Blades   | 1 |  1.2
Spellcasting   | 2 3 5 7 9 10 11 15 16 | 16.6
Armour         | 2 4 7 9 12 14 | 14.2
Evocations     | 10 12 14 16 21 26 27 | 27.0
Dodging        | 6 8 12 14 15 17 | 17.4
Stealth        | 7 12 | 12.2
Translocations | 4 |  4.0
Fighting       | 2 9 10 | 10.1
Necromancy     | 3 9 11 13 18 20 | 20.0
Shields        | 5 12 17 | 17.5
Transmutations | |  0.8

Action                   |  1- 3 |  4- 6 |  7- 9 | 10-12 | 13-15 | 16-18 | 19-21 | 22-24 | 25-27 || total
-------------------------+-------+-------+-------+-------+-------+-------+-------+-------+-------++-------
Melee: Unarmed           |     6 |       |       |       |       |       |       |       |       ||     6
       Club              |     5 |       |       |       |       |       |       |       |       ||     5
       Mace              |    17 |     6 |       |       |       |       |       |       |       ||    23
       Short sword       |       |    46 |    27 |   204 |   212 |       |       |       |       ||   489
       Dagger            |       |       |       |    37 |       |     3 |       |       |       ||    40
       Staff             |       |       |       |       |       |    94 |    83 |    54 |   105 ||   336
       Falchion          |       |       |       |       |       |    10 |       |       |       ||    10
 Cast: Sandblast         |    35 |    67 |   169 |   227 |   232 |   159 |    34 |    19 |     9 ||   951
       Passwall          |     2 |     7 |    24 |    13 |    17 |     7 |     4 |       |     2 ||    76
       Lee's Rapid Decon |       |       |       |    33 |    62 |   104 |    13 |    39 |    23 ||   274
       Stone Arrow       |       |       |       |    11 |    66 |    95 |    32 |    23 |    29 ||   256
       Apportation       |       |       |       |       |     6 |    32 |    19 |    31 |    23 ||   111
       Petrify           |       |       |       |       |     1 |       |     2 |       |       ||     3
       Sublimation of Bl |       |       |       |       |       |    50 |    96 |    72 |    72 ||   290
       Borgnjor's Vile C |       |       |       |       |       |    87 |    46 |    96 |   127 ||   356
       Shatter           |       |       |       |       |       |     4 |   102 |    88 |   168 ||   362
       Infestation       |       |       |       |       |       |       |       |     7 |     5 ||    12
       Statue Form       |       |       |       |       |       |       |       |     8 |     8 ||    16
       Dispel Undead     |       |       |       |       |       |       |       |     3 |       ||     3
 Abil: Evoke Invisibilit |       |       |       |     6 |    19 |       |       |       |       ||    25
       End Transformatio |       |       |       |       |       |       |       |       |     1 ||     1
Evoke: Wand              |       |       |     2 |    37 |    44 |    24 |     6 |     4 |    23 ||   140
       Tin of tremorston |       |       |       |     1 |    11 |    16 |    24 |    27 |    20 ||    99
       Condenser vane    |       |       |       |       |     9 |    14 |    16 |    18 |    15 ||    72
       Lightning rod     |       |       |       |       |    13 |    30 |    14 |    18 |     5 ||    80
       Box of beasts     |       |       |       |       |       |    14 |    14 |    20 |    23 ||    71
       Phial of floods   |       |       |       |       |       |     5 |     9 |     8 |     5 ||    27
       Phantom mirror    |       |       |       |       |       |       |     2 |     4 |     6 ||    12
  Use: Scroll            |       |     8 |    10 |    10 |    11 |    20 |    14 |    15 |    15 ||   103
       Potion            |       |     1 |     1 |     3 |     9 |     4 |     6 |    13 |     9 ||    46
 Stab: Sleeping          |     2 |     7 |     3 |     3 |    19 |     6 |       |       |     1 ||    41
       Invisible         |       |       |       |    11 |    18 |       |       |       |       ||    29
       Paralysed         |       |       |       |     3 |     6 |       |       |       |       ||     9
       Distracted        |       |       |       |       |       |     1 |       |       |     2 ||     3
       Petrified         |       |       |       |       |       |       |     4 |       |       ||     4
Armor: Robe              |    22 |     6 |       |       |       |       |       |       |       ||    28
       Leather armour    |       |     9 |       |       |       |       |       |       |       ||     9
       Swamp dragon scal |       |       |    20 |   161 |   231 |   223 |   306 |    12 |       ||   953
       Chain mail        |       |       |       |       |       |       |       |   230 |       ||   230
       Skin              |       |       |       |       |       |       |       |   183 |   159 ||   342
       Acid dragon scale |       |       |       |       |       |       |       |    12 |   163 ||   175
Dodge: Dodged            |    42 |    28 |    66 |   397 |   533 |   362 |   404 |   540 |   801 ||  3173
Block: Buckler           |       |       |       |       |       |   116 |   139 |   184 |   258 ||   697
       Kite shield       |       |       |       |       |       |       |       |       |   194 ||   194
       Rpst.: Falchion   |       |       |       |       |       |     6 |       |       |       ||     6

Table legend: (Time is in decaauts)
 A = Elapsed time spent in this place.
 B = Non-inter-level travel time spent in this place.
 C = Inter-level travel time spent in this place.
 D = Time resting spent in this place.
 E = Time spent auto-exploring this place.
 F = Levels seen in this place.
 G = Mean time per level.
                   A        B        C        D        E       F      G
               +--------+--------+--------+--------+--------+-----+--------+
         Total |  24436 |  23359 |   1077 |     49 |    425 |  70 |  349.1 |
       Dungeon |   7217 |   6855 |    362 |      0 |    425 |  15 |  481.1 |
          Lair |   3398 |   3089 |    309 |      0 |      0 |   6 |  566.3 |
        Shoals |   1334 |   1334 |      0 |      0 |      0 |   4 |  333.5 |
     Snake Pit |   1565 |   1528 |     37 |     23 |      0 |   4 |  391.2 |
    Slime Pits |    832 |    832 |      0 |     26 |      0 |   5 |  166.4 |
  Orcish Mines |    994 |    874 |    120 |      0 |      0 |   2 |  497.0 |
   Elven Halls |   2506 |   2257 |    249 |      0 |      0 |   3 |  835.3 |
        Vaults |   1429 |   1429 |      0 |      0 |      0 |   5 |  285.8 |
         Crypt |    815 |    815 |      0 |      0 |      0 |   3 |  271.7 |
          Tomb |   1128 |   1128 |      0 |      0 |      0 |   3 |  376.0 |
        Depths |    518 |    518 |      0 |      0 |      0 |   3 |  172.7 |
         Abyss |    233 |    233 |      0 |      0 |      0 |   4 |   58.2 |
   Pandemonium |   1847 |   1847 |      0 |      0 |      0 |  11 |  167.9 |
        Bailey |     71 |     71 |      0 |      0 |      0 |   1 |   71.0 |
      Ice Cave |    540 |    540 |      0 |      0 |      0 |   1 |  540.0 |
               +--------+--------+--------+--------+--------+-----+--------+

Top non-repeatable levels by time:
     D:1: 964 daAuts
   Elf:2: 899 daAuts
  Lair:6: 879 daAuts
   Elf:1: 852 daAuts
   Elf:3: 754 daAuts
    D:11: 721 daAuts
Vaults:5: 691 daAuts
   Orc:2: 659 daAuts
 Snake:4: 654 daAuts
 Snake:1: 626 daAuts
     D:4: 614 daAuts
Shoals:4: 597 daAuts
     D:3: 590 daAuts
    D:10: 589 daAuts
     D:6: 586 daAuts

Table legend:
 A = Kills in this place as a percentage of kills in entire the game.
 B = Kills by you in this place as a percentage of kills by you in the entire game.
 C = Kills by friends in this place as a percentage of kills by friends in the entire game.
 D = Other kills in this place as a percentage of other kills in the entire game.
 E = Experience gained in this place as a percentage of experience gained in the entire game.
 F = Experience gained in this place divided by the number of levels of this place that you have seen.
                   A       B       C       D       E      F
               +-------+-------+-------+-------+-------+----------------------
         Total | 100.0 | 100.0 | 100.0 | 100.0 | 100.0 | 23591.3
       Dungeon |  16.8 |  18.2 |   0.0 |   0.0 |   3.3 | 3631.4
          Lair |   6.0 |   6.3 |   2.3 |   0.0 |   3.3 | 9051.3
        Shoals |   5.8 |   5.6 |   8.7 |   0.0 |   4.5 | 18717.8
     Snake Pit |   6.4 |   5.3 |  18.5 |  38.5 |   5.7 | 23373.5
    Slime Pits |   6.7 |   6.4 |  11.0 |   7.7 |   7.8 | 25780.6
  Orcish Mines |   3.4 |   3.4 |   2.3 |   7.7 |   0.7 | 5725.5
   Elven Halls |   6.3 |   6.5 |   4.6 |   0.0 |   7.5 | 41276.7
        Vaults |  10.5 |  10.7 |   7.5 |   0.0 |  14.1 | 46671.8
         Crypt |   5.9 |   5.2 |  16.2 |   0.0 |   5.9 | 32220.7
          Tomb |  11.2 |  11.5 |   6.9 |   7.7 |  18.6 | 102125.3
        Depths |   5.5 |   6.0 |   0.0 |   0.0 |   8.1 | 44576.3
         Abyss |   2.1 |   2.2 |   0.0 |   0.0 |   2.8 | 11593.5
   Pandemonium |  10.9 |  10.0 |  22.0 |  30.8 |  16.9 | 25413.4
        Bailey |   0.6 |   0.7 |   0.0 |   0.0 |   0.2 | 3220.0
      Ice Cave |   1.9 |   2.0 |   0.0 |   7.7 |   0.7 | 10794.0
               +-------+-------+-------+-------+-------+----------------------
